 Dungeon Sprint DCSS version 0.30.1-11-g7821555f0a (webtiles) character file.

Game seed: 13995174919403863369

20630 Heoruswealwe the Archmage (level 12, -1/59 HPs)
             Began as a Deep Elf Conjurer on Dec 14, 2023.
             Was an Initiate of Gozag.
             Hit by a large rock thrown by a stone giant (23 damage)
             ... in the Dungeon (Sprint IX: "|||||||||||||||||||||||||||||").
             The game lasted 00:49:10 (3065 turns).

Heoruswealwe the Archmage (Deep Elf Conjurer)       Turns: 3065, Time: 00:49:10

Health: -1/59      AC:  6    Str: 13    XL:     12   Next: 47%
Magic:  3/45       EV: 14    Int: 39    God:    Gozag
Gold:   977        SH:  0    Dex: 13    Spells: 51/65 levels left

rFire   . . .        a - +2 scimitar (flame)
rCold   . . .        (no shield)
rNeg    + + .        c - +0 robe {Will+}
rPois   .            g - -1 helmet of Happy Babbling {-Tele Str+5 Int+4}
rElec   .            h - +0 cloak
rCorr   .            f - +0 pair of gloves
SInv    .            e - +1 pair of boots "Joxerhau" {rN+ Slay+2 Stlth+}
Will    ++...        i - amulet of magic regeneration
Stlth   ++++         k - ring of Garugrenk {rN+ Will+}
HPRegen 0.29/turn    j - ring "Diriol" {Will- Str+4 Int+6}
MPRegen 0.69/turn

%: no teleportation
@: gold aura
A: no striking features
a: Renounce Religion, Potion Petition, Call Merchant, Bribe Branch


You were in the Dungeon.
You worshipped Gozag.
Gozag was pleased with you.
You visited 1 branch You collected 8999 gold pieces.
You spent 6857 gold pieces at shops.
You paid 1165 gold pieces to Gozag.

Inventory:

Hand Weapons
 a - a +2 scimitar of flaming (weapon)
 b - the +10 morningstar "Eos" {elec, Halo rElec}
   (You bought it in a shop in the Dungeon)

   Halo:      It grants its wielder a halo, revealing invisible creatures and
   increasing accuracy against all within it other than the wielder.
   rElec:     It insulates you from electricity.
Armour
 c - a +0 robe of willpower (worn)
 e - the +1 pair of boots "Joxerhau" (worn) {rN+ Slay+2 Stlth+}
   (You bought it in a shop in the Dungeon)

   Slay:      It affects your accuracy & damage with ranged weapons and melee
   (+2).
   rN:        It protects you from negative energy.
   Stlth:     It makes you more stealthy.
 f - a +0 pair of gloves (worn)
 g - the -1 helmet of Happy Babbling (worn) {-Tele Str+5 Int+4}
   (You bought it in a shop in the Dungeon)

   Str:       It affects your strength (+5).
   Int:       It affects your intelligence (+4).
   -Tele:     It prevents most forms of teleportation.
 h - a +0 cloak (worn)
Jewellery
 i - an amulet of magic regeneration (around neck)
 j - the ring "Diriol" (right hand) {Will- Str+4 Int+6}
   (You bought it in a shop in the Dungeon)

   [ring of intelligence]

   Str:       It affects your strength (+4).
   Int:       It affects your intelligence (+6).
   Will:      It decreases your willpower.
 k - the ring of Garugrenk (left hand) {rN+ Will+}
   (You bought it in a shop in the Dungeon)

   [ring of willpower]

   rN:        It protects you from negative energy.
   Will:      It increases your willpower.
 l - the necklace of Bloodlust {Fury *Rage Will++ Int-3 Slay+6}
   (You bought it in a shop in the Dungeon)

   [amulet of nothing]

   Fury:      It extends the wearer's berserk rage when killing foes.
   Int:       It affects your intelligence (-3).
   Slay:      It affects your accuracy & damage with ranged weapons and melee
   (+6).
   *Rage:     It berserks you when you make melee attacks (+50% chance).
   Will:      It greatly increases your willpower.
Wands
 o - a wand of quicksilver (10)
Scrolls
 p - 2 scrolls of blinking
 r - 3 scrolls of identify
 s - 2 scrolls of amnesia
 x - 2 scrolls of enchant weapon
Potions
 d - a potion of invisibility
 m - 3 potions of haste
 n - 6 potions of curing
 q - 2 potions of mutation
 v - a potion of brilliance
 w - a potion of resistance
Miscellaneous
 u - a phial of floods


   Skills:
 + Level 6.1 Dodging
 + Level 6.6 Stealth
 O Level 27 Spellcasting
 + Level 24.0 Conjurations
 + Level 5.2 Fire Magic
 + Level 5.2 Ice Magic
 - Level 1.2 Air Magic


You had 51 spell levels left.
You knew the following spells:

 Your Spells              Type           Power      Damage    Failure   Level
a - Magic Dart            Conj           100%       1d8       0%          1
b - Searing Ray           Conj           100%       2d8       0%          2
c - Dazzling Flash        Conj/Hex       100%       N/A       0%          3
d - Fulminant Prism       Conj/Hex       49%        3d20      1%          4
e - Iskenderun's Mystic   Conj/Tloc      98%        2d19      1%          4

Your spell library contained the following spells:

 Spells                   Type           Power      Damage    Failure   Level
 Sticky Flame             Conj/Fire      100%       2d11      0%          4
 Sting                    Tmut/Pois      100%       1d8       1%          1
 Cigotuvi's Dreadful Rot  Necr/Pois/Air  100%       N/A       1%          2
 Lesser Beckoning         Tloc           100%       N/A       1%          2
 Poisonous Vapours        Pois/Air       100%       N/A       1%          2
 Sublimation of Blood     Necr           51%        N/A       1%          2
 Gell's Gravitas          Tloc           51%        N/A       1%          3
 Ignite Poison            Fire/Tmut/Pois 60%        N/A       1%          3
 Mephitic Cloud           Conj/Pois/Air  87%        N/A       1%          3
 Ozocubu's Armour         Ice            75%        N/A       1%          3
 Teleport Other           Tloc           51%        N/A       1%          3
 Freezing Cloud           Conj/Ice/Air   46%        6-21      1%          5
 Irradiate                Conj/Tmut      49%        3d28      1%          5
 Olgreb's Toxic Radiance  Pois           51%        N/A       3%          4
 Petrify                  Tmut/Erth      51%        N/A       3%          4
 Metabolic Englaciation   Hex/Ice        32%        N/A       3%          5
 Ignition                 Fire           37%        3d11      95%         8
 Simulacrum               Ice/Necr       Unusable   N/A       N/A         6

Dungeon Overview and Level Annotations

Branches:
Dungeon (1/1)

Altars:
Cheibriados
Dithmenos
Elyvilon
Fedhas
Gozag
Hepliaklqana
Kikubaaqudgha
Makhleb
Nemelex Xobeh
Okawaru
Qazlal
Ru
Sif Muna
Trog
Uskayaw
Vehumet
Wu Jian
Xom
Yredelemnul
Zin
The Shining One
Jiyva
Lugonu

Shops:
D (=([*


Message History

You erupt in a blast of force!
The mystic blast hits the ice dragon!!
You kill the ice dragon!
The stone giant is distracted by your dazzling golden aura.
Your Stealth skill increases to level 6!
Your Conjurations skill increases to level 24!
A wolf spider comes into view.
The stone giant is distracted by your dazzling golden aura.
Casting: Iskenderun's Mystic Blast (safe; 1% risk of failure)
Confirm with . or Enter, or press ? or * to list all spells.
You erupt in a blast of force!
The mystic blast hits the stone giant but does no damage.
The stone giant is heavily wounded.
The stone giant is no longer distracted by gold.
The stone giant shouts! x2
The stone giant throws a large rock.
The large rock hits you!!
* * * LOW HITPOINT WARNING * * *
Casting: Iskenderun's Mystic Blast (safe; 1% risk of failure)
Confirm with . or Enter, or press ? or * to list all spells.
You erupt in a blast of force!
The mystic blast hits the stone giant!!
The stone giant is almost dead.
The stone giant is knocked back by the mystic blast.
The stone giant collides with the stone giant!
The stone giant is no longer distracted by gold.
The stone giant is almost dead.
You feel better.
Casting: Iskenderun's Mystic Blast (safe; 1% risk of failure)
Confirm with . or Enter, or press ? or * to list all spells.
You erupt in a blast of force!
The mystic blast hits the stone giant!!
You kill the stone giant!
Your Dodging skill increases to level 6!
Your Fire Magic skill increases to level 5!
Your Ice Magic skill increases to level 5!
Casting: Iskenderun's Mystic Blast (safe; 1% risk of failure)
Confirm with . or Enter, or press ? or * to list all spells.
You erupt in a blast of force!
The mystic blast hits the stone giant but does no damage.
The wolf spider changes into a boulder beetle!
The stone giant throws a large rock.
The large rock hits you!!
You die...
Your body crumbles into a pile of gold.

▓▓▓▓▓▓▓▓▓▓▓▓▓▓▓▓▓▓▓▓▓▓▓▓▓
[[[[[[[[.!....?.@.CB$.$$.
▓▓▓▓▓▓▓▓▓▓▓▓▓▓▓▓▓▓▓▓▓▓▓▓▓▓▓▓▓▓▓▓▓
........................)........
▓▓▓▓▓▓▓▓▓▓▓▓▓▓▓▓▓▓▓▓▓▓▓▓▓▓▓▓▓▓▓▓▓
)..'))))........')!...∩.∩.∩.∩.∩.∩
▓▓▓▓▓▓▓▓▓▓▓▓▓▓▓▓▓▓▓▓▓▓▓▓▓▓▓▓▓▓▓▓▓
.................................
▓▓▓▓▓▓▓▓▓▓▓▓▓▓▓▓▓▓▓▓▓▓▓▓▓▓▓▓▓▓▓▓▓
.......'.........'........((!['..


You could see a stone giant and a boulder beetle shaped shifter.

Vanquished Creatures
  A stone giant (D)
  An ettin (D)
  Josephine (D)
  An ice dragon (D)
  A catoblepas (D)
  3 ogre magi (D)
  A two-headed ogre (D)
  2 orc high priests (D)
  3 deep trolls (D)
  An orc knight (D)
  2 deep elf pyromancers (D)
  An orc sorcerer (D)
  A black mamba (shapeshifter) (D)
  2 gargoyles (D)
  A kobold demonologist (D)
  A torpor snail (D)
  An unseen horror (D)
  A komodo dragon (D)
  7 polar bears (D)
  9 trolls (D)
  3 blink frogs (D)
  2 slime creatures (D)
  A wyvern (D)
  A yak (D)
  4 wraiths (D)
  Grum (D)
  2 vampire mosquitoes (D)
  7 water moccasins (D)
  14 orc warriors (D)
  3 black bears (D)
  3 wolves (D)
  2 bullfrogs (D)
  A scorpion (D)
  2 killer bees (D)
  2 hounds (D)
  2 orc priests (D)
  2 orc wizards (D)
  An adder (D)
  5 orcs (D)
  A bat (D)
  A giant cockroach (D)
  A hobgoblin (D)
  A jackal (D)
  A rat (D)
104 creatures vanquished.

Vanquished Creatures (others)
  26 fulminant prisms (D)
26 creatures vanquished.

Grand Total: 130 creatures vanquished

Notes
Turn   | Place    | Note
-------+----------+-------------------------------------------
     0 | D        | Heoruswealwe the Deep Elf Conjurer began the quest for the
                  | Orb.
     0 | D        | Reached XP level 1. HP: 10/10 MP: 6/6
    10 | D        | Reached skill level 5 in Conjurations
    47 | D        | Reached skill level 4 in Spellcasting
   115 | D        | Noticed a hound
   115 | D        | Noticed a hound
   115 | D        | Noticed a water moccasin
   115 | D        | Noticed a scorpion
   120 | D        | Reached skill level 5 in Spellcasting
   120 | D        | Reached XP level 2. HP: 12/15 MP: 3/10
   125 | D        | Learned a level 2 spell: Searing Ray
   178 | D        | Reached skill level 6 in Spellcasting
   178 | D        | Reached XP level 3. HP: 12/19 MP: 8/13
   179 | D        | Reached skill level 7 in Spellcasting
   179 | D        | Reached XP level 4. HP: 13/24 MP: 7/15
   180 | D        | Killed a water moccasin
   180 | D        | Killed a scorpion
   181 | D        | Reached skill level 11 in Spellcasting
   181 | D        | Reached skill level 10 in Conjurations
   181 | D        | Reached XP level 5. HP: 16/28 MP: 4/20
   193 | D        | Found a snail-covered altar of Cheibriados.
   193 | D        | Found a shadowy altar of Dithmenos.
   193 | D        | Found a white marble altar of Elyvilon.
   193 | D        | Found a blossoming altar of Fedhas.
   193 | D        | Found an opulent altar of Gozag.
   194 | D        | Found a hazy altar of Hepliaklqana.
   195 | D        | Found a viscous altar of Jiyva.
   196 | D        | Found an ancient bone altar of Kikubaaqudgha.
   197 | D        | Found a corrupted altar of Lugonu.
   198 | D        | Found a burning altar of Makhleb.
   199 | D        | Found a sparkling altar of Nemelex Xobeh.
   200 | D        | Found an iron altar of Okawaru.
   201 | D        | Became a worshipper of Gozag Ym Sagoz the Greedy
   202 | D        | Found a stormy altar of Qazlal.
   203 | D        | Found a sacrificial altar of Ru.
   204 | D        | Found a shimmering blue altar of Sif Muna.
   205 | D        | Found a bloodstained altar of Trog.
   206 | D        | Found a hide-covered altar of Uskayaw.
   207 | D        | Found a radiant altar of Vehumet.
   208 | D        | Found an ornate altar of the Wu Jian Council.
   209 | D        | Found a shimmering altar of Xom.
   210 | D        | Found a basalt altar of Yredelemnul.
   211 | D        | Found a glowing silver altar of Zin.
   212 | D        | Found a glowing golden altar of the Shining One.
   281 | D        | Learned a level 3 spell: Dazzling Flash
   286 | D        | Learned a level 4 spell: Fulminant Prism
   291 | D        | Learned a level 4 spell: Iskenderun's Mystic Blast
   291 | D        | Noticed a troll
   291 | D        | Noticed a two-headed ogre
   291 | D        | Noticed an orc warrior
   291 | D        | Noticed a vampire mosquito
   296 | D        | Killed a troll
   297 | D        | Reached skill level 13 in Spellcasting
   297 | D        | Reached XP level 6. HP: 16/32 MP: 2/24
   300 | D        | Killed a two-headed ogre
   301 | D        | Reached skill level 16 in Spellcasting
   301 | D        | Reached XP level 7. HP: 19/36 MP: 10/28
   301 | D        | Reached XP level 8. HP: 22/41 MP: 10/30
   421 | D        | Noticed a kobold demonologist
   421 | D        | Noticed a troll
   421 | D        | Noticed a slime creature
   421 | D        | Noticed a gargoyle
   421 | D        | Noticed a gargoyle
   424 | D        | Noticed a red devil
   427 | D        | Killed a kobold demonologist
   427 | D        | Killed a troll
   428 | D        | Reached skill level 17 in Spellcasting
   428 | D        | Reached skill level 15 in Conjurations
   436 | D        | Killed an unseen horror
   437 | D        | Reached skill level 18 in Spellcasting
   437 | D        | Reached XP level 9. HP: 37/45 MP: 9/33
   444 | D        | Killed a gargoyle
   445 | D        | Reached skill level 19 in Spellcasting
   458 | D        | Killed a gargoyle
   677 | D        | Noticed a polar bear
   677 | D        | Noticed a torpor snail
   677 | D        | Noticed a komodo dragon
   682 | D        | Reached skill level 20 in Spellcasting
   684 | D        | Killed a polar bear
   686 | D        | Killed a torpor snail
   801 | D        | Killed a komodo dragon
   802 | D        | Reached skill level 21 in Spellcasting
   802 | D        | Reached XP level 10. HP: 49/50 MP: 20/37
   900 | D        | Noticed a catoblepas
  1022 | D        | Killed a catoblepas
  1023 | D        | Reached skill level 22 in Spellcasting
  1263 | D        | Reached skill level 23 in Spellcasting
  1573 | D        | Noticed Josephine
  1588 | D        | Killed Josephine
  1589 | D        | Reached XP level 11. HP: 54/54 MP: 18/40
  1761 | D        | Noticed an orc high priest
  1765 | D        | Reached skill level 24 in Spellcasting
  1773 | D        | Killed an orc high priest
  2041 | D        | Noticed an orc high priest
  2046 | D        | Noticed an orc sorcerer
  2053 | D        | Killed an orc high priest
  2056 | D        | Killed an orc sorcerer
  2057 | D        | Reached skill level 25 in Spellcasting
  2293 | D        | Found Lievol's Book Emporium.
  2293 | D        | Noticed an ettin
  2293 | D        | Noticed an ogre mage
  2293 | D        | Noticed an ogre mage
  2294 | D        | Noticed a deep troll
  2301 | D        | Killed an ettin
  2310 | D        | Killed an ogre mage
  2314 | D        | Killed an ogre mage
  2315 | D        | Reached skill level 26 in Spellcasting
  2318 | D        | Noticed a deep troll
  2321 | D        | Killed a deep troll
  2327 | D        | Noticed a deep troll
  2332 | D        | Killed a deep troll
  2337 | D        | Killed a deep troll
  2338 | D        | Reached XP level 12. HP: 59/59 MP: 9/44
  2545 | D        | Found Ceih Oce's Weapon Shoppe.
  2549 | D        | Found Xeumusia's Jewellery Emporium.
  2553 | D        | Found Qamubb's Weapon Shoppe.
  2586 | D        | Reached skill level 27 in Spellcasting
  2672 | D        | Bought the +10 morningstar "Eos" {elec, Halo rElec} for 888
                  | gold pieces
  2672 | D        | Found the +10 morningstar "Eos" {elec, Halo rElec}
  2674 | D        | Bought an Everburning Encyclopedia for 360 gold pieces
  2674 | D        | Bought a book of Vapours for 260 gold pieces
  2674 | D        | Bought a book of Winter for 340 gold pieces
  2674 | D        | Bought a book of Alchemy for 280 gold pieces
  2674 | D        | Bought a Young Poisoner's Handbook for 200 gold pieces
  2674 | D        | Bought a book of Displacement for 220 gold pieces
  2674 | D        | Bought a Trismegistus Codex for 260 gold pieces
  2693 | D        | Bought an amulet of magic regeneration for 390 gold pieces
  2693 | D        | Bought the necklace of Bloodlust {Fury *Rage Will++ Int-3
                  | Slay+6} for 588 gold pieces
  2693 | D        | Found the necklace of Bloodlust {Fury *Rage Will++ Int-3
                  | Slay+6}
  2693 | D        | Bought the ring of Garugrenk {rN+ Will+} for 470 gold
                  | pieces
  2722 | D        | Bought the ring "Diriol" {Will- Str+4 Int+6} for 613 gold
                  | pieces
  2729 | D        | Bought a pair of warped boots for 313 gold pieces
  2729 | D        | Identified the +1 pair of boots "Joxerhau" {rN+ Slay+2
                  | Stlth+} (You bought it in a shop in the Dungeon)
  2729 | D        | Bought an ichor-stained helmet for 313 gold pieces
  2729 | D        | Identified the -1 helmet of Happy Babbling {-Tele Str+5
                  | Int+4} (You bought it in a shop in the Dungeon)
  2729 | D        | Bought a distressingly furry orb for 462 gold pieces
  2729 | D        | Identified the orb of Ulunliro {guile, Dex+3 SInv} (You
                  | bought it in a shop in the Dungeon)
  2729 | D        | Bought an embroidered scarf for 264 gold pieces
  2796 | D        | Bought a phial of floods for 480 gold pieces
  2796 | D        | Bought a potion of brilliance for 48 gold pieces
  2796 | D        | Bought a potion of attraction for 36 gold pieces
  2796 | D        | Bought a potion of curing for 36 gold pieces
  2796 | D        | Bought a potion of curing for 36 gold pieces
  2853 | D        | Noticed Grum
  2861 | D        | Killed Grum
  2862 | D        | Reached skill level 1 in Fire Magic
  2862 | D        | Reached skill level 1 in Ice Magic
  2862 | D        | Reached skill level 1 in Air Magic
  2974 | D        | Noticed an ogre mage
  2977 | D        | Killed an ogre mage
  2999 | D        | Noticed an ice dragon
  3004 | D        | Reached skill level 5 in Dodging
  3004 | D        | Reached skill level 5 in Stealth
  3045 | D        | Noticed a stone giant
  3046 | D        | Noticed a stone giant
  3058 | D        | Killed an ice dragon
  3063 | D        | Killed a stone giant
  3064 | D        | Reached skill level 5 in Fire Magic
  3064 | D        | Reached skill level 5 in Ice Magic
  3065 | D        | a wolf spider changed into a boulder beetle
  3065 | D        | Noticed a boulder beetle (glowing shapeshifter)
  3065 | D        | Hit by a large rock thrown by a stone giant

Illustrated notes

Levels and vault maps discovered:
D:        linesprint [early_d, line_temple, items_1, d_10, items_2, lair_1,
          lair_end, items_3, orc_1, orc_end, items_4, d_15, swamp_1, shoals_1,
          snake_1, spider_1, d_20, vaults_1, items_5, swamp_end, shoals_end,
          snake_end, spider_end, vaults_end, d_27, items_6, zot_1, zot_end,
          crypt_end, forest_end, elf_end, slime_end, tomb_end, abyss_end,
          pan_hell_end]

Skill      XL: |  1  2  3  4  5  6  7  8  9 10 11 12 |
---------------+-------------------------------------+-----
Conjurations   | 6 7 10 12 14 16 18 20 23 24 | 24.0
Spellcasting   | 5 6 7 11 13 16 18 21 23 26 27 | 27.0
Fire Magic     | 5 |  5.2
Ice Magic      | 5 |  5.2
Air Magic      | 1 |  1.2
Dodging        | 6 |  6.1
Stealth        | 6 |  6.6

Action                     |  1- 3 |  4- 6 |  7- 9 | 10-12 || total
---------------------------+-------+-------+-------+-------++-------
  Melee: Unarmed           |    27 |       |       |       ||    27
         Scimitar          |       |       |       |     4 ||     4
   Cast: Magic Dart        |    14 |       |     8 |     5 ||    27
         Searing Ray       |     1 |     3 |     4 |     3 ||    11
         Iskenderun's Myst |       |     5 |    17 |   126 ||   148
         Fulminant Prism   |       |       |     6 |    21 ||    27
 Invoke: Call Merchant     |       |       |       |     2 ||     2
    Use: Potion            |     1 |     1 |     2 |     9 ||    13
         Scroll            |     1 |       |       |       ||     1
 Armour: Robe              |    11 |       |     4 |     6 ||    21
  Dodge: Dodged            |    35 |     5 |     6 |    11 ||    57
